 Dungeon Crawl Stone Soup version 0.27-a0-1186-g8b4daa1eef (webtiles) character file.

Game seed: 4125234440663496017

2060 bisexualwizard the Cleaver (level 9, -3/70 HPs)
             Began as a Hill Orc Fighter on May 20, 2021.
             Was a Believer of Kikubaaqudgha.
             Slain by an orc warrior
             ... wielding a +0 flail
              (12 damage)
             ... on level 6 of the Dungeon.
             The game lasted 00:17:29 (6721 turns).

bisexualwizard the Cleaver (Hill Orc Fighter)       Turns: 6721, Time: 00:17:29

Health: -3/70      AC:  6    Str: 26    XL:     9   Next: 25%
Magic:  11/11      EV: 11    Int: 10    God:    Kikubaaqudgha [**....]
Gold:   340        SH:  5    Dex: 10    Spells: 9/11 levels left

rFire    . . .     SeeInvis .   a - +0 war axe
rCold    . . .     Faith    .   (no shield)
rNeg     . . .     Spirit   .   D - +0 steam dragon scales
rPois    .         Reflect  +   t - +0 helmet
rElec    .         Harm     .   (no cloak)
rCorr    .         Rampage  .   (no gloves)
Will     .....                  (no boots)
Stlth    +.........             p - amulet of reflection
HPRegen  0.21/turn              i - +6 ring of strength
MPRegen  0.12/turn              (no ring)

@: attractive
A: no striking features
a: Renounce Religion, Receive Corpses


You were on level 6 of the Dungeon.
You worshipped Kikubaaqudgha.
Kikubaaqudgha was pleased with you.
You visited 1 branch of the dungeon, and saw 6 of its levels.

You collected 340 gold pieces.

Inventory:

Hand Weapons
 a - a +0 war axe (weapon)
Missiles
 v - 3 boomerangs of dispersal (quivered)
Armour
 b - a +0 scale mail
 c - a +0 kite shield
 q - a +0 ring mail
 t - a +0 helmet (worn)
 D - +0 steam dragon scales (worn)
Jewellery
 i - a +6 ring of strength (left hand)
 p - an amulet of reflection (around neck)
Wands
 s - a wand of flame (18)
Scrolls
 g - a scroll of fear
 j - a scroll of vulnerability {unknown}
 k - a scroll of noise
 r - 3 scrolls of amnesia {unknown}
 u - 2 scrolls of holy word {unknown}
 w - 2 scrolls of enchant weapon {unknown}
 y - a scroll of enchant armour {unknown}
 z - 2 scrolls of identify
 B - a scroll of fog {unknown}
 E - a scroll of blinking {unknown}
Potions
 d - a potion of might
 e - a potion of magic
 h - a potion of lignification {unknown}
 m - a potion of haste
 n - a potion of curing
 o - a potion of attraction
 x - a potion of berserk rage
 A - a potion of brilliance {unknown}
 C - a potion of mutation {unknown}


   Skills:
 - Level 3.6 Fighting
 * Level 13.9 Axes
 + Level 0.2 Throwing
 - Level 3.2 Armour
 - Level 1.1 Dodging
 - Level 3.2 Shields
 * Level 1.8 Spellcasting
 * Level 2.4 Necromancy


You had 9 spell levels left.
You knew the following spells:

 Your Spells              Type           Power      Damage    Failure   Level
a - Animate Skeleton      Necr           10%        N/A       12%         1
b - Pain                  Necr           20%        1d5       12%         1

Your spell library contained the following spells:

 Spells                   Type           Power      Damage    Failure   Level
 Sublimation of Blood     Necr           2%         N/A       19%         2
 Corpse Rot               Necr/Air       N/A        N/A       30%         2
 Apportation              Tloc           0%         N/A       32%         1
 Corona                   Hex            0%         N/A       32%         1
 Shock                    Conj/Air       0%         1d3       32%         1
 Summon Small Mammal      Summ           0%         N/A       32%         1
 Vampiric Draining        Necr           2%         2d6       34%         3
 Static Discharge         Conj/Air       0%         N/A       43%         2
 Swiftness                Air            0%         N/A       67%         3
 Animate Dead             Necr           2%         N/A       75%         4
 Airstrike                Air            0%         N/A       97%         4
 Agony                    Necr           5%         N/A       97%         5
 Lightning Bolt           Conj/Air       0%         1d11      100%        5


Dungeon Overview and Level Annotations

Branches:
Dungeon (6/15)             Temple (0/1) D:4

Altars:
Ashenzari
Kikubaaqudgha
Ru
Zin

Shops:
D:4 :


Message History

Your orc skeleton hits the orc wizard with a +0 dagger.
The orc warrior closely misses you.
Non-targeted confused throw: dart (curare)
Press: ? - help, Q - select action, (/) - cycle Dir - look around, f - activate Look: an orc warrior, wielding a +0 flail and wearing a +0 plate armour (moderately wounded, 35% to hit)
You throw a curare-tipped dart.
The orc wizard gestures at you while chanting.
You are more confused.
The orc warrior closely misses you.
Your orc skeleton barely misses the orc wizard.
Are you sure you want to stumble around while confused and next to your orc skeleton?
The orc wizard points at you and mumbles some strange words.
You are more confused.
Your orc skeleton misses the orc wizard.
The orc warrior closely misses you. The orc wizard is pulled toward you!
You bump into the rock wall.
The orc wizard hits you with a +0 dagger.
Your orc skeleton barely misses the orc warrior.
The orc warrior hits you with a +0 flail!
The orc wizard gestures at you while chanting.
You easily resist.
The orc warrior is pulled toward you!
Your orc skeleton barely misses the orc wizard.
The orc warrior barely misses you.
You closely miss the orc warrior.
The orc warrior is moderately wounded.
You slash the orc wizard!
You kill the orc wizard!
Kikubaaqudgha accepts your kill. The orc warrior barely misses you.
Your orc skeleton hits the orc warrior but does no damage.
The orc warrior is pulled toward you!
You hit the orc warrior but do no damage.
The orc warrior is moderately wounded.
The orc warrior hits you with a +0 flail.
The orc warrior hits you with a +0 flail!!
* * * LOW HITPOINT WARNING * * *
You feel less confused.
The orc warrior hits you with a +0 flail!
You die...
Kikubaaqudgha rasps: "You have failed me!
Welcome... death!"

#.....## #........##≈≈#.#.#.#≈
##.....###..(....##≈≈#...#...#
#......#........##≈≈#.#.#.#.#.
###......#....##.##≈≈#...#.#.#..
##...##...........#≈≈#.#.#.#.#.#.
#....##..####.....#≈#...#...#...#
##........####....'..#.#.#.#.#.#.
...##......####...'...#.#.#.#.#.#
...#..##.....#..@.'..#.#.#.#.#.#.
......##..##....o##≈#...#...#...#
......#...#.....Z.#≈≈#.#.#.#.#.#.
##........##......##≈≈#...#.#.#..
.....#.....##...##.##≈≈#.#.#.#.#.
..#....#..##....######≈≈#...#...#
##....##.......####.##≈≈#.#.#.#≈
##(....##...).....#...##≈≈#...#≈≈
....>..................##≈≈...≈≈#


You could see an orc warrior (ally target) and a friendly orc skeleton.

Vanquished Creatures
  Grinder (D:6)
  2 steam dragons (D:6)
  Menkaure (D:6)
  A black bear (D:6)
  2 necrophages
  3 ogres
  A phantom (D:4)
  A centaur (D:5)
  A scorpion (D:5)
  A water moccasin skeleton (D:5)
  2 vampire bats (D:3)
  An electric eel (D:6)
  2 bullfrog skeletons
  A hound (D:6)
  A jelly (D:5)
  An orc priest (D:4)
  A centaur skeleton (D:4)
  4 iguanas
  3 orc wizards (D:6)
  Robin (D:4)
  4 gnolls (D:6)
  4 adders
  A shadow imp (D:6)
  An ufetubus (D:6)
  A worm (D:2)
  2 dart slugs (D:1)
  22 orcs
  2 bat skeletons (D:3)
  3 bat zombies (D:3)
  5 endoplasms
  7 giant cockroaches
  9 hobgoblins
  4 jackals (D:1)
  4 quokkas
  8 ball pythons
  4 bats
  A frilled lizard (D:1)
  13 goblins
  4 kobolds
  6 rats
136 creatures vanquished.

Notes
Turn   | Place    | Note
-------+----------+-------------------------------------------
     0 | D:1      | bisexualwizard the Hill Orc Fighter began the quest for the
                  | Orb.
     0 | D:1      | Reached XP level 1. HP: 19/19 MP: 1/1
    26 | D:1      | Reached skill level 3 in Axes
   323 | D:1      | Reached skill level 1 in Dodging
   323 | D:1      | Reached XP level 2. HP: 12/26 MP: 2/2
  1008 | D:1      | Reached XP level 3. HP: 31/31 MP: 3/3
  1022 | D:1      | Reached skill level 4 in Axes
  1307 | D:2      | Found a faded altar of an unknown god.
  1457 | D:2      | Reached skill level 5 in Axes
  1457 | D:2      | Reached XP level 4. HP: 39/39 MP: 4/4
  1887 | D:3      | Found an ancient bone altar of Kikubaaqudgha.
  1898 | D:3      | Reached skill level 6 in Axes
  1906 | D:3      | Reached XP level 5. HP: 36/45 MP: 5/5
  2088 | D:3      | Became a worshipper of Kikubaaqudgha
  2258 | D:3      | Noticed a necrophage
  2274 | D:3      | Killed a necrophage
  2275 | D:3      | Reached skill level 7 in Axes
  2275 | D:3      | Reached XP level 6. HP: 28/51 MP: 6/6
  2561 | D:3      | Found a broken altar of Ashenzari.
  2561 | D:3      | Found a glowing silver altar of Zin.
  2655 | D:3      | Reached skill level 8 in Axes
  2824 | D:3      | Learned a level 1 spell: Animate Skeleton
  2848 | D:4      | Found a staircase to the Ecumenical Temple.
  3050 | D:4      | Reached skill level 9 in Axes
  3153 | D:4      | Reached * piety under Kikubaaqudgha
  3153 | D:4      | Identified Kikubaaqudgha's Guide on Dark Rites
                  | (Kikubaaqudgha gifted it to you on level 4 of the Dungeon)
  3153 | D:4      | Received a gift from Kikubaaqudgha
  3154 | D:4      | Reached XP level 7. HP: 13/57 MP: 7/7
  3419 | D:4      | Noticed Robin
  3453 | D:4      | Killed Robin
  3571 | D:4      | Learned a level 1 spell: Pain
  3604 | D:4      | Found Kironita's Book Boutique.
  3885 | D:5      | Entered Level 5 of the Dungeon
  3890 | D:5      | Reached skill level 10 in Axes
  3890 | D:5      | Reached skill level 1 in Necromancy
  3919 | D:5      | Reached skill level 11 in Axes
  3919 | D:5      | Reached XP level 8. HP: 40/64 MP: 7/9
  4594 | D:5      | Found a sacrificial altar of Ru.
  4914 | D:6      | Noticed Menkaure
  5101 | D:6      | Killed Menkaure
  5102 | D:6      | Reached skill level 1 in Spellcasting
  5168 | D:6      | Reached skill level 12 in Axes
  5188 | D:6      | Reached ** piety under Kikubaaqudgha
  5745 | D:6      | Noticed Grinder
  6050 | D:6      | Reached skill level 13 in Axes
  6114 | D:6      | Reached XP level 9. HP: 33/70 MP: 11/11
  6301 | D:6      | Paralysed by Grinder for 7 turns
  6317 | D:6      | Paralysed by Grinder for 2 turns
  6328 | D:6      | Killed Grinder
  6721 | D:6      | Slain by an orc warrior

Illustrated notes

Levels and vault maps discovered:
D:1:      ebering_trefoil_3fold, layout_basic, hangedman_decor_push,
          minmay_pentomino_v2
D:2:      layout_rooms, chequers_ecumenical_altar_simple
D:3:      layout_loops_ring, kennysheep_vampire_church,
          gammafunk_temple_overflow_elements, hex_medium
D:4:      layout_cave_pools, minmay_temple_entry_proselytizer, serial_shops,
          nicolae_shop_stone, uniq_robin
D:5:      layout_basic, old_standard_altar
D:6:      layout_cave_pools, kennysheep_cluttered_room, uniq_menkaure,
          uniq_grinder

Skill      XL: |  1  2  3  4  5  6  7  8  9 |
---------------+----------------------------+-----
Axes           | 3 5 6 7 9 11 13 | 13.9
Dodging        | 1 |  1.1
Necromancy     | 1 2 |  2.4
Spellcasting   | 1 |  1.8
Fighting       | |  3.6
Throwing       | |  0.2
Armour         | |  3.2
Shields        | |  3.2

Action                   |  1- 3 |  4- 6 |  7- 9 || total
-------------------------+-------+-------+-------++-------
Melee: War axe           |   125 |   123 |   170 ||   418
Throw: Dart              |       |     1 |     4 ||     5
 Cast: Animate Skeleton  |       |       |     3 ||     3
       Pain              |       |       |     2 ||     2
  Use: Scroll            |     1 |     1 |     5 ||     7
       Potion            |       |       |     6 ||     6
Armor: Scale mail        |    60 |    54 |       ||   114
       Ring mail         |       |     8 |    31 ||    39
       Steam dragon scal |       |       |     9 ||     9
Dodge: Dodged            |    41 |    50 |    73 ||   164
Block: Kite shield       |    76 |   107 |    63 ||   246
       Reflection        |       |       |     5 ||     5
       Other             |       |       |    15 ||    15

Table legend: (Time is in decaauts)
 A = Elapsed time spent in this place.
 B = Non-inter-level travel time spent in this place.
 C = Inter-level travel time spent in this place.
 D = Time resting spent in this place.
 E = Time spent auto-exploring this place.
 F = Levels seen in this place.
 G = Mean time per level.
                   A        B        C        D        E       F      G
               +--------+--------+--------+--------+--------+-----+--------+
         Total |   6843 |   6716 |    127 |   2078 |   3550 |   6 | 1140.5 |
       Dungeon |   6843 |   6716 |    127 |   2078 |   3550 |   6 | 1140.5 |
               +--------+--------+--------+--------+--------+-----+--------+

Top non-repeatable levels by time:
     D:6: 1629 daAuts
     D:1: 1302 daAuts
     D:3: 1224 daAuts
     D:5: 1205 daAuts
     D:4: 1061 daAuts
     D:2: 420 daAuts
